 Dungeon Crawl Stone Soup version 0.32-a0-391-gce5c0aab1b (webtiles) character file.

Game seed: 4049943842512623404

2331 pokeman the Thaumaturge (level 9, -7/48 HPs)
             Began as a Deep Elf Hedge Wizard on Feb 19, 2024.
             Was a Follower of Vehumet.
             Mangled by an ogre
             ... wielding a +0 giant club
              (15 damage)
             ... on level 7 of the Dungeon.
             The game lasted 00:18:53 (9349 turns).

pokeman the Thaumaturge (Deep Elf Hedge Wizard)     Turns: 9349, Time: 00:18:54

Health: -7/48      AC:  4    Str:  7    XL:     9   Next: 19%
Magic:  11/25      EV: 13    Int: 24    God:    Vehumet [*.....]
Gold:   411        SH:  0    Dex: 14    Spells: 12/29 levels left

rFire   . . .        a - +0 dagger
rCold   + + .        (no shield)
rNeg    . . .        b - +0 robe
rPois   .            c - +0 hat
rElec   .            w - +0 cloak
rCorr   .            v - +0 pair of gloves
SInv    .            (no boots)
Will    .....        k - amulet of the acrobat
Stlth   +            l - ring of protection from cold
HPRegen 0.28/turn    r - ring of protection from cold
MPRegen 0.19/turn

%: acrobat
@: on fire, glowing
A: no striking features
a: Renounce Religion


You were on level 7 of the Dungeon.
You worshipped Vehumet.
Vehumet was aware of your devotion.
You visited 2 branches of the dungeon, and saw 8 of its levels.
You also visited: Sewer and Ossuary.

You collected 411 gold pieces.

Inventory:

Hand Weapons
 a - a +0 dagger (weapon)
Armour
 b - a +0 robe (worn)
 c - a +0 hat (worn)
 v - a +0 pair of gloves (worn)
 w - a +0 cloak (worn)
Magical Staves
 I - a staff of fire
Jewellery
 k - an amulet of the acrobat (around neck)
 l - a ring of protection from cold (left hand)
 p - a ring of fire
 r - a ring of protection from cold (right hand)
 s - a ring of flight
Wands
 B - a wand of flame (10)
Scrolls
 g - 5 scrolls of identify {unknown}
 h - 6 scrolls of teleportation {unknown}
 i - 2 scrolls of blinking
 n - 5 scrolls of noise
 q - a scroll of fog {unknown}
 t - a scroll of amnesia {unknown}
 u - 2 scrolls of enchant armour {unknown}
 x - 3 scrolls of revelation {unknown}
 y - a scroll of immolation {unknown}
 A - 4 scrolls of enchant weapon {unknown}
 C - 2 scrolls of fear {unknown}
 F - a scroll of poison {unknown}
 H - a scroll of silence {unknown}
Potions
 d - a potion of magic
 e - 4 potions of curing {unknown}
 f - 5 potions of brilliance {unknown}
 j - a potion of invisibility {unknown}
 m - 2 potions of ambrosia {unknown}
 o - 5 potions of mutation {unknown}
 z - 4 potions of heal wounds {unknown}
 D - a potion of lignification {unknown}
 E - 3 potions of cancellation {unknown}
 G - 4 potions of degeneration


   Skills:
 - Level 2.0 Fighting
 + Level 2.5 Armour
 - Level 3.3 Dodging
 - Level 3.0 Stealth
 - Level 3.3 Shields
 * Level 10.9 Spellcasting
 + Level 5.8 Conjurations
 - Level 1.1 Summonings
 + Level 3.8 Necromancy
 - Level 1.1 Translocations
 + Level 0.1 Fire Magic
 - Level 1.1 Air Magic
 + Level 1.5 Earth Magic
 - Level 1.0 Alchemy
 - Level 1.0 Evocations


You had 12 spell levels left.
You knew the following spells:

 Your Spells              Type           Power      Damage    Failure   Level
a - Magic Dart            Conj           100%       1d8       1%          1
b - Mephitic Cloud        Conj/Alch/Air  25%        N/A       4%          3
c - Call Imp              Summ           36%        N/A       4%          2
d - Blink                 Tloc           36%        N/A       4%          2
e - Dispel Undead         Necr           31%        3d14      10%         4
f - Lee's Rapid Deconstr  Erth           10%        3d8*      58%         5

Your spell library contained the following spells:

 Spells                   Type           Power      Damage    Failure   Level
 Kiss of Death            Conj/Necr      100%       2d13      1%          1
 Cigotuvi's Dreadful Rot  Necr/Alch/Air  44%        N/A       3%          2
 Slow                     Hex            52%        N/A       4%          1
 Call Canine Familiar     Summ           18%        N/A       9%          3
 Sigil of Binding         Hex            13%        N/A       14%         3
 Martyr's Knell           Necr/Summ      25%        N/A       17%         4
 Animate Armour           Summ/Erth      38%        N/A       28%         4
 Summon Lightning Spire   Summ/Air       18%        N/A       30%         4
 Dimensional Bullseye     Hex/Tloc       7%         N/A       36%         4
 Death Channel            Necr           15%        N/A       83%         6


Dungeon Overview and Level Annotations

Branches:
Dungeon (7/15)             Temple (1/1) D:5           Sewer (visited)
Ossuary (visited)

Altars:
Ashenzari
Cheibriados
Dithmenos
Elyvilon
Fedhas
Gozag
Kikubaaqudgha
Makhleb
Okawaru
Qazlal
Ru
Trog
Uskayaw
Vehumet
Wu Jian
Xom
Yredelemnul
Zin

Annotations:
D:3 Goodies behind fire


Message History

The puff of frost hits you. You resist.
The deep elf pyromancer casts a spell at you.
The pyre arrow hits you.
You are covered in intense liquid fire!
Casting: Magic Dart (safe; 1% risk of failure)
Confirm with . or Enter, or press ? or * to list all spells.
Aiming: Mephitic Cloud (dangerous; 4% risk of failure)
Press: ? - help, Shift-Dir - straight line, f - deep elf pyromancer
Aim: a deep elf pyromancer, wielding a +0 long sword (chance to affect: 58%)
The ball explodes into a vile cloud!
The stinking cloud engulfs the deep elf pyromancer.
The liquid fire burns you!
You hear an angry hiss.
The white ugly thing is engulfed in noxious fumes.
The ogre is engulfed in noxious fumes.
The deep elf pyromancer is engulfed in noxious fumes.
The deep elf pyromancer appears confused.
Unknown command.
Unknown command.
Casting: Mephitic Cloud (dangerous; 4% risk of failure)
Confirm with . or Enter, or press ? or * to list all spells.
Aiming: Mephitic Cloud (dangerous; 4% risk of failure)
Press: ? - help, Shift-Dir - straight line, f - white ugly thing, p - deep elf pyromancer
Aim: a white ugly thing (chance to affect: 43%)
The ball explodes into a vile cloud!
The stinking cloud engulfs the white ugly thing.
The stinking cloud engulfs the ogre.
The liquid fire burns you!
You hear a shout!
You hear an angry hiss.
You hear a bellow! x2
The white ugly thing is engulfed in noxious fumes.
The deep elf pyromancer is engulfed in noxious fumes.
The deep elf pyromancer appears confused.
The white ugly thing is engulfed in noxious fumes.
The white ugly thing appears confused.
Unknown command.
Unknown command.
The liquid fire burns you!
* * * LOW HITPOINT WARNING * * *
The ogre hits you with a +0 giant club!
You die...

#...... #.e.# #.....# #
#..># #...... #) #..>#
###..## # #. #...# #..##
... #5####...#######..##
...○#..............#...#
#§☼O.†.............#.
#§u@....<[.9...##.##
#.##.#....###.###... #
#.○e...# ##.#####
#.#§§..# #.# . ^..#....#
#.# # ## .#..... #.##
....... ### .....$.#


You could see a white ugly thing (confused), a deep elf pyromancer (confused),
an ogre (confused) and a white imp.

Vanquished Creatures
  3 yaks (D:6)
  A black bear (D:6)
  2 phantoms (D:5)
  2 kobold brigands (D:6)
  An elf zombie (Ossuary)
  3 bullfrogs
  2 scorpions (D:5)
  2 burial acolytes (Ossuary)
  A howler monkey (D:5)
  A bombardier beetle (D:4)
  5 hounds
  An orc priest (D:4)
  2 jellies
  A sleepcap (D:4)
  2 iguanas (D:6)
  A gnoll bouda (D:6)
  2 mummies (Ossuary)
  11 gnolls
  9 adders
  2 white imps (D:6)
  4 ufetubi
  10 dart slugs
  5 ribbon worms (D:4)
  11 orcs
  10 endoplasms
  11 giant cockroaches (Sewer)
  5 goblins
  9 hobgoblins
  3 jackals (D:1)
  2 quokkas
  18 ball pythons
  5 bats
  11 frilled lizards
  A gnoll zombie (Ossuary)
  23 kobolds
  3 kobold zombies (Ossuary)
  2 orc zombies (Ossuary)
  7 rats
194 creatures vanquished.

Vanquished Creatures (collateral kills)
  A sleepcap (D:6)
  A mummy (Ossuary)
  A dart slug (D:4)
  A ribbon worm (D:3)
  A giant cockroach (Sewer)
  A gnoll zombie (Ossuary)
6 creatures vanquished.

Vanquished Creatures (others)
  A sleepcap (D:3)
1 creature vanquished.

Grand Total: 201 creatures vanquished

Notes
Turn   | Place    | Note
-------+----------+-------------------------------------------
     0 | D:1      | pokeman the Deep Elf Hedge Wizard began the quest for the
                  | Orb.
     0 | D:1      | Reached XP level 1. HP: 10/10 MP: 7/7
   236 | D:1      | Reached XP level 2. HP: 14/15 MP: 4/9
   511 | D:1      | Reached skill level 5 in Spellcasting
   585 | D:1      | Reached XP level 3. HP: 20/20 MP: 7/11
   589 | D:1      | Learned a level 3 spell: Mephitic Cloud
   592 | D:1      | Learned a level 2 spell: Call Imp
   595 | D:1      | Learned a level 2 spell: Blink
  1256 | D:2      | Reached skill level 1 in Fighting
  1256 | D:2      | Reached skill level 1 in Armour
  1505 | D:2      | Reached XP level 4. HP: 25/25 MP: 11/13
  1994 | D:2      | Found a sacrificial altar of Ru.
  2813 | D:3      | Reached XP level 5. HP: 29/29 MP: 13/15
  2834 | D:3      | Reached skill level 6 in Spellcasting
  3720 | D:4      | Reached skill level 1 in Air Magic
  3740 | D:4      | Found an opulent altar of Gozag.
  3892 | D:4      | Found a glowing drain.
  3927 | D:4      | Reached XP level 6. HP: 31/34 MP: 3/17
  3933 | Sewer    | Entered a sewer
  3937 | Sewer    | Reached skill level 1 in Alchemy
  4643 | Sewer    | Reached skill level 7 in Spellcasting
  4741 | Sewer    | Reached skill level 1 in Shields
  4831 | D:4      | Reached XP level 7. HP: 39/39 MP: 4/20
  5386 | D:4      | Found a glowing silver altar of Zin.
  5507 | D:4      | Found a snail-covered altar of Cheibriados.
  5635 | D:4      | Found a blossoming altar of Fedhas.
  5728 | D:5      | Entered Level 5 of the Dungeon
  5748 | D:5      | Reached skill level 8 in Spellcasting
  5932 | D:5      | Found a staircase to the Ecumenical Temple.
  5938 | Temple   | Entered the Ecumenical Temple
  5962 | Temple   | Became a worshipper of Vehumet
  6027 | D:5      | Found a broken altar of Ashenzari.
  6373 | D:5      | Reached skill level 9 in Spellcasting
  6373 | D:5      | Reached XP level 8. HP: 40/44 MP: 16/23
  6522 | D:5      | Learned a level 4 spell: Dispel Undead
  6622 | D:5      | Found an ancient bone altar of Kikubaaqudgha.
  6858 | D:6      | Reached skill level 1 in Necromancy
  7098 | D:6      | Found a basalt altar of Yredelemnul.
  7132 | D:6      | Found a sand-covered staircase.
  7137 | Ossuary  | Entered an ossuary
  7198 | Ossuary  | Reached skill level 5 in Conjurations
  7299 | Ossuary  | Reached * piety under Vehumet
  7299 | Ossuary  | Offered knowledge of Kiss of Death by Vehumet.
  7446 | Ossuary  | Reached skill level 10 in Spellcasting
  8482 | D:6      | Learned a level 5 spell: Lee's Rapid Deconstruction
  8788 | D:6      | Reached XP level 9. HP: 33/48 MP: 16/25
  8873 | D:6      | Reached skill level 1 in Earth Magic
  8873 | D:6      | Reached skill level 1 in Evocations
  9084 | D:7      | Noticed a gargoyle
  9115 | D:7      | Noticed a deep elf pyromancer
  9339 | D:7      | Noticed a white ugly thing
  9349 | D:7      | Mangled by an ogre

Illustrated notes

Levels and vault maps discovered:
D:1:      elethiomel_arrival_shortcut, layout_basic
D:2:      layout_loops_corners, basic_altar
D:3:      layout_loops_ring, kennysheep_flooded_box, grunt_ministairs_1,
          hangedman_decor_growths, lemuel_flame_loot_1
D:4:      layout_cave_pools, cheibrodos_worm_habitat,
          mainiacjoe_overflow_large_starburst, old_standard_altar,
          cheibrodos_sewer_entry_bend
D:5:      layout_loops_ring, evilmike_ruin_ashenzari,
          mainiacjoe_overflow_cross_hatched, minmay_temple_entry_grid,
          serial_library_hellmonk_double_dead_end, patterned_corridor
D:6:      layout_loops_corners, mainiacjoe_overflow_alcove_2,
          nicolae_ossuary_entry_false_entrances
D:7:      minmay_the_grid_square_5x5_3x3 [minmay_the_grid_square_5x5_tri_point,
          minmay_the_grid_square_5x5_three_small,
          minmay_the_grid_square_5x5_checkered_statues,
          minmay_the_grid_square_5x5_seven,
          minmay_the_grid_square_5x5_megaprize_checkered,
          minmay_the_grid_square_5x5_moneybag,
          minmay_the_grid_square_5x5_minivault,
          minmay_the_grid_square_5x5_one_wall,
          minmay_the_grid_square_5x5_bridge], layout_loops_cross
Temple:   minmay_temple_curvy_loop

Skill      XL: |  1  2  3  4  5  6  7  8  9 |
---------------+----------------------------+-----
Spellcasting   | 5 6 7 9 10 | 10.9
Fighting       | 1 2 |  2.0
Armour         | 1 2 |  2.5
Conjurations   | 2 3 4 5 |  5.8
Stealth        | 3 |  3.0
Dodging        | 3 |  3.3
Air Magic      | 1 |  1.1
Alchemy        | 1 |  1.0
Shields        | 1 2 3 |  3.3
Necromancy     | 3 |  3.8
Earth Magic    | 1 |  1.5
Evocations     | 1 |  1.0
Summonings     | |  1.1
Translocations | |  1.1
Fire Magic     | |  0.1

Action                     |  1- 3 |  4- 6 |  7- 9 || total
---------------------------+-------+-------+-------++-------
  Melee: Dagger            |    16 |    62 |    94 ||   172
   Cast: Magic Dart        |    70 |   207 |   253 ||   530
         Mephitic Cloud    |       |     7 |    23 ||    30
         Call Imp          |       |     5 |     6 ||    11
         Dispel Undead     |       |       |     3 ||     3
         Blink             |       |       |     3 ||     3
   Stab: Confused          |       |     7 |     9 ||    16
 Armour: Robe              |    15 |    38 |    72 ||   125
  Dodge: Dodged            |    14 |    55 |   114 ||   183

Table legend: (Time is in decaauts)
 A = Elapsed time spent in this place.
 B = Non-inter-level travel time spent in this place.
 C = Inter-level travel time spent in this place.
 D = Time resting spent in this place.
 E = Time spent auto-exploring this place.
 F = Levels seen in this place.
 G = Mean time per level.
                   A        B        C        D        E       F      G
               +--------+--------+--------+--------+--------+-----+--------+
         Total |   9428 |   9067 |    361 |    597 |   6908 |  10 |  942.8 |
       Dungeon |   7863 |   7547 |    316 |    403 |   5894 |   7 | 1123.3 |
        Temple |     47 |      2 |     45 |      0 |      0 |   1 |   47.0 |
         Sewer |    942 |    942 |      0 |     98 |    670 |   1 |  942.0 |
       Ossuary |    574 |    574 |      0 |     96 |    343 |   1 |  574.0 |
               +--------+--------+--------+--------+--------+-----+--------+

Top non-repeatable levels by time:
     D:6: 1806 daAuts
     D:2: 1249 daAuts
     D:3: 1236 daAuts
     D:1: 1214 daAuts
     D:4: 1160 daAuts
     D:5: 1069 daAuts
   Sewer: 942 daAuts
 Ossuary: 574 daAuts
     D:7: 125 daAuts
  Temple: 47 daAuts
